 Dungeon Crawl Stone Soup version 0.20.1-2-g1830e616b0 (webtiles) character file.

246 Alfie the Shooter (level 6, -5/46 HPs)
             Began as a Human Hunter on Jan 22, 2020.
             Slain by an ice beast (12 damage)
             ... on level 5 of the Dungeon.
             The game lasted 00:09:54 (2420 turns).

Alfie the Shooter (Human Hunter)                    Turns: 2420, Time: 00:09:54

Health: -5/46      AC:  5    Str: 14    XL:     6   Next: 33%
Magic:  6/6        EV: 12    Int: 12    God:
Gold:   224        SH:  0    Dex: 13    Spells: 5/5 levels left

rFire    . . .     SeeInvis .   a - +1 shortbow
rCold    . . .     Gourm    .   (shield currently unavailable)
rNeg     . . .     Faith    .   c - +2 leather armour
rPois    .         Spirit   .   (no helmet)
rElec    .         Reflect  .   (no cloak)
rCorr    .         Harm     .   (no gloves)
MR       .....                  (no boots)
Stlth    ++........             (no amulet)
Regen    0.2/turn               (no ring)
MPRegen  0.1/turn               (no ring)

@: no status effects
A: no striking features
a: no special abilities


You were on level 5 of the Dungeon.
You were not hungry.

You visited 1 branch of the dungeon, and saw 5 of its levels.

You collected 224 gold pieces.

Inventory:

Hand Weapons
 a - a +1 shortbow (weapon)
 b - a +0 short sword
Missiles
 d - 87 arrows (quivered)
 k - 17 poisoned needles
Armour
 c - a +2 leather armour (worn)
Wands
 i - a wand of polymorph (13/24)
Scrolls
 g - a scroll of remove curse
 j - a scroll of enchant armour
 m - a scroll of fog
Potions
 e - a potion of resistance {unknown}
 h - a potion of agility
 l - a potion of might {unknown}
 n - a potion of curing
Comestibles
 f - 2 bread rations


   Skills:
 + Level 2.6 Fighting
 + Level 6.6 Bows
 + Level 1.3 Armour
 + Level 2.0 Dodging
 + Level 1.4 Stealth


You had 5 spell levels left.
You didn't know any spells.

Dungeon Overview and Level Annotations

Branches:
Dungeon (5/15)
 Temple: D:4-7

Altars:
Dithmenos
Fedhas
Nemelex Xobeh
Okawaru
Qazlal
Ru
Xom

Annotations:
D:3 Alfie's ghost, amateur HuHu
D:4 Alfie's ghost, novice HuHu; Dowan; Duvessa


Message History

Aim: an ice beast (moderately wounded)
You shoot an arrow. The arrow hits the ice beast.
The ice beast is moderately wounded.
The ice beast hits you. The ice beast freezes you!
Firing (i - inventory):
d - 89 arrows (quivered)
Press: ? - help, Shift-Dir - straight line, f/p - ice beast
Aim: an ice beast (moderately wounded)
You shoot an arrow. The arrow hits the ice beast.
The ice beast is heavily wounded.
The ice beast hits you. The ice beast freezes you!
* * * LOW HITPOINT WARNING * * *
Firing (i - inventory):
d - 88 arrows (quivered)
Press: ? - help, Shift-Dir - straight line, f/p - ice beast
Aim: an ice beast (heavily wounded)
You shoot an arrow. The arrow hits the ice beast!
The ice beast is severely wounded.
The ice beast hits you.
* * * LOW HITPOINT WARNING * * *
The ice beast freezes you!
You die...

.... .....
..... ...
######..
#.....# #.....#
#..@..# #..Y(.#
#.(...###+##
####(.........#
...(..........+
....#####.....#
.... #.....#
..(. #....<# ..
#.....#


You could see an ice beast.

Vanquished Creatures
  A phantom (D:4)
  2 worker ants (D:4)
  3 gnolls (D:2)
  3 adders (D:2)
  An ooze (D:4)
  A worm (D:2)
  A dart slug (D:3)
  A leopard gecko (D:2)
  4 orcs
  7 bats
  5 giant cockroaches
  5 goblins
  4 hobgoblins
  A quokka (D:2)
  3 ball pythons
  2 frilled lizards
  6 kobolds
  3 rats (D:2)
53 creatures vanquished.

Notes
Turn   | Place    | Note
-------+----------+-------------------------------------------
     0 | D:1      | Alfie the Human Hunter began the quest for the Orb.
     0 | D:1      | Reached XP level 1. HP: 16/16 MP: 1/1
   124 | D:1      | Reached XP level 2. HP: 22/22 MP: 2/2
   402 | D:2      | Reached XP level 3. HP: 13/27 MP: 3/3
   405 | D:2      | Reached skill level 5 in Bows
   534 | D:2      | Reached XP level 4. HP: 17/33 MP: 4/4
   717 | D:2      | Reached skill level 1 in Armour
  1253 | D:3      | Reached XP level 5. HP: 39/39 MP: 5/5
  1414 | D:3      | Noticed Alfie's ghost (amateur HuHu)
  1563 | D:3      | Found a stormy altar of Qazlal.
  1563 | D:3      | Found a sacrificial altar of Ru.
  1563 | D:3      | Found a shadowy altar of Dithmenos.
  1563 | D:3      | Found a blossoming altar of Fedhas.
  1573 | D:3      | Found an iron altar of Okawaru.
  1576 | D:3      | Found a sparkling altar of Nemelex Xobeh.
  2012 | D:4      | Found a shimmering altar of Xom.
  2085 | D:4      | Noticed a phantom
  2099 | D:4      | Killed a phantom
  2099 | D:4      | Reached skill level 6 in Bows
  2099 | D:4      | Reached XP level 6. HP: 38/46 MP: 6/6
  2355 | D:4      | Noticed Alfie's ghost (novice HuHu)
  2369 | D:4      | Noticed Dowan
  2371 | D:4      | Noticed Duvessa
  2395 | D:5      | Entered Level 5 of the Dungeon
  2409 | D:5      | Noticed an ice beast
  2420 | D:5      | Slain by an ice beast

Skill      XL: |  1  2  3  4  5 |
---------------+----------------+-----
Bows           | 5 6 |  6.6
Armour         | 1 |  1.3
Fighting       | |  2.6
Dodging        | |  2.0
Stealth        | |  1.4

Action                   |  1- 3 |  4- 6 || total
-------------------------+-------+-------++-------
 Fire: Shortbow          |    37 |   155 ||   192
  Use: Scroll            |     4 |     6 ||    10
       Potion            |       |     1 ||     1
  Eat: Fruit             |       |     1 ||     1
       Meat ration       |       |     1 ||     1
       Royal jelly       |       |     1 ||     1
Armor: Leather armour    |     3 |    17 ||    20
Dodge: Dodged            |     8 |    33 ||    41
